Map: Disco Bloodbath LE

Players

Kelazhur - Winner!

  • Race: Terran Terran
  • Spawn Location: 3:00

uThermal

  • Race: Terran Terran
  • Spawn Location: 9:00

VOD

Have the link to the VOD?

Description

Time

  • Played on: Sept. 6, 2019, 7:14 p.m.
  • Length: 10:03
Show
View Real Time Build Order
Export as new Build Order

Kelazhur Terran - Winner!

Build Orders: Gas First Reaper Expand, Banshee Rush 

Get SALT Encoding   

  12  0:00  SCV  
  13  0:12  SCV  
  14  0:17  Supply Depot  
  14  0:25  SCV  
  14  0:27  Refinery  
  15  0:38  SCV  
  16  0:44  Barracks  
  16  0:50  SCV  
  17  1:02  SCV  
  18  1:14  SCV  
  19  1:31  Orbital Command, Reaper  
  20  1:45  Command Center  
  20  1:54  Factory  
  20  1:58  SCV  
  21  2:06  Barracks Reactor  
  21  2:07  Supply Depot  
  21  2:11  SCV  
  22  2:20  Refinery  
  22  2:23  SCV  
  23  2:35  SCV  
  24  2:44  Starport  
  24  2:48  Hellion x2  
  24  2:49  SCV  
  29  3:01  SCV  
  29  3:03  Orbital Command  
  30  3:10  Hellion x2, Barracks Tech Lab  
  34  3:13  SCV  
  35  3:25  SCV  
  36  3:30  SCV  
  36  3:31  Medivac  
  39  3:36  Supply Depot  
  39  3:37  Factory Tech Lab, SCV  
  39  3:40  Marine x2  
  42  3:43  SCV  
  42  3:46  Cloaking Field  
  43  3:49  SCV  
  43  3:55  SCV  
  45  3:56  Supply Depot  
  45  3:58  Marine x2  
  45  4:01  SCV  
  45  4:02  Siege Tank  
  52  4:11  SCV  
  52  4:13  SCV  
  52  4:16  Marine  
  54  4:18  Marine, Banshee  
  54  4:19  Supply Depot  
  58  4:24  Supply Depot  
  58  4:25  SCV  
  58  4:26  SCV  
  58  4:30  Engineering Bay  
  60  4:33  Marine  
  60  4:35  Marine  
  62  4:42  Cyclone, SCV  
  62  4:44  SCV  
  65  4:51  Marine  
  65  4:53  Marine  
  65  4:56  SCV  
  65  4:59  Missile Turret  
  66  5:00  Missile Turret  
  66  5:02  SCV  
  67  5:08  SCV  
  67  5:09  Marine, Banshee  
  67  5:11  Marine  
  69  5:14  SCV  
  69  5:21  SCV  
  69  5:24  Siege Tank  
  69  5:26  SCV  
  72  5:33  SCV  
  73  5:39  Command Center, SCV  
  73  5:40  Refinery  
  73  5:41  Refinery  
  74  5:43  Marine x2  
  74  5:45  SCV  
  77  5:53  SCV  
  77  5:59  Supply Depot x2  
  77  6:01  Marine  
  78  6:06  Raven  
  78  6:11  Marine  
  78  6:12  SCV  
  78  6:15  SCV  
  77  6:22  Marine  
  77  6:25  SCV  
  76  6:27  SCV  
  77  6:37  SCV  
  77  6:38  Supply Depot  
  77  6:39  Marine x2, Siege Tank  
  79  6:40  SCV  
  78  6:49  SCV  
  79  6:57  SCV  
  79  7:00  Orbital Command  
  80  7:06  SCV  
  74  7:09  SCV  
  74  7:13  Starport Reactor  
  71  7:17  Marine  
  71  7:18  SCV  
  71  7:19  Siege Tank  
  71  7:20  Stimpack  
  71  7:21  SCV  
  76  7:33  Barracks  
  76  7:35  Marine, Barracks, SCV  
  76  7:36  Barracks, SCV, Orbital Command  
  76  7:37  Barracks x2  
  79  7:38  Terran Infantry Weapons Level 1  
  79  7:40  Engineering Bay  
  79  7:48  SCV x2  
  79  7:50  Factory  
  81  7:51  Siege Tank  
  81  7:52  Supply Depot  
  81  7:54  Marine  
  85  8:00  SCV x2  
  85  8:04  Medivac x2  
  92  8:05  SCV  
  92  8:10  Refinery  
  92  8:11  Marine  
  92  8:12  SCV x2, Refinery, Armory  
  95  8:15  Supply Depot  
  95  8:17  SCV  
  96  8:24  SCV x2, Barracks Reactor x3  
  96  8:25  Marine x2, Barracks Reactor  
  100  8:30  SCV  
  104  8:37  Cyclone  
  104  8:38  SCV  
  104  8:39  SCV  
  107  8:42  Missile Turret  
  107  8:43  Marine  
  107  8:44  Marine  
  106  8:50  Marine  
  106  8:51  Viking x2  
  111  9:01  Marine, Factory Tech Lab  
  111  9:02  Marine  
  113  9:03  Marine  
  113  9:04  Marine  
  113  9:05  Marine x2  
  113  9:08  Marine  
  113  9:09  Marine  
  118  9:10  Marine x3  
  116  9:18  Marine  
  116  9:20  Marine  
  116  9:21  Medivac x2  
  120  9:30  Marine x2  
  120  9:31  Marine x7  
  117  9:36  Marine  
  117  9:37  Marine  
Show
View Real Time Build Order
Export as new Build Order

uThermal Terran 

Build Orders: Gas First Reaper Expand, Banshee Rush 

Get SALT Encoding   

  12  0:01  SCV  
  13  0:13  SCV  
  14  0:17  Supply Depot  
  14  0:25  SCV  
  14  0:27  Refinery  
  15  0:38  SCV  
  16  0:44  Barracks  
  16  0:50  SCV  
  17  1:03  SCV  
  18  1:15  SCV  
  19  1:31  Orbital Command, Reaper  
  20  1:46  Command Center  
  20  1:57  SCV  
  20  2:00  Factory  
  21  2:04  Barracks Reactor  
  21  2:09  SCV  
  21  2:13  Supply Depot  
  22  2:21  SCV  
  22  2:24  Refinery  
  22  2:33  SCV  
  23  2:45  SCV, Starport  
  23  2:50  Hellion x2  
  28  2:57  SCV  
  29  2:58  Orbital Command  
  29  3:06  Barracks Tech Lab  
  29  3:09  SCV  
  29  3:12  Hellion  
  32  3:14  Hellion  
  34  3:21  SCV  
  34  3:26  SCV  
  36  3:27  Cloaking Field  
  36  3:32  Banshee  
  36  3:33  SCV  
  40  3:39  SCV  
  40  3:40  Supply Depot  
  41  3:42  Marine x2  
  41  3:47  SCV  
  44  3:49  Factory Tech Lab  
  44  3:51  SCV, Refinery  
  44  3:56  Supply Depot  
  44  4:00  Marine x2  
  44  4:02  SCV  
  47  4:06  SCV  
  47  4:07  Siege Tank  
  51  4:14  SCV  
  52  4:18  Marine x2  
  52  4:19  Banshee  
  52  4:22  Supply Depot  
  52  4:23  SCV  
  58  4:26  SCV  
  59  4:31  Supply Depot  
  59  4:35  Marine, SCV  
  57  4:41  Marine, SCV  
  57  4:49  Siege Tank  
  59  4:54  SCV  
  59  4:56  SCV  
  62  5:07  SCV  
  60  5:10  SCV, Starport  
  60  5:14  Banshee  
  63  5:19  SCV  
  64  5:24  Marine, SCV  
  64  5:25  Refinery  
  64  5:28  Supply Depot  
  62  5:31  SCV  
  61  5:36  SCV  
  62  5:43  SCV  
  62  5:44  Supply Depot  
  62  5:48  SCV  
  62  5:49  Viking  
  65  5:51  Viking  
  65  5:55  SCV  
  61  6:00  SCV  
  61  6:01  Banshee  
  63  6:08  SCV  
  60  6:12  SCV  
  56  6:19  Viking  
  56  6:20  SCV  
  56  6:24  SCV  
  58  6:28  Viking  
  58  6:32  SCV  
  59  6:36  SCV  
  60  6:44  Marine, SCV  
  62  6:48  SCV  
  62  6:49  Siege Tank  
  66  6:56  SCV  
  66  7:00  SCV  
  65  7:06  Banshee  
  68  7:08  SCV  
  68  7:13  SCV  
  70  7:20  SCV, Viking  
  70  7:26  SCV  
  71  7:31  Command Center, Viking  
  71  7:32  SCV  
  74  7:38  SCV  
  74  7:41  Starport  
  75  7:45  SCV  
  75  7:49  Banshee  
  75  7:50  SCV  
  80  7:51  Supply Depot  
  80  7:56  Viking  
  80  7:57  SCV  
  83  8:02  SCV, Supply Depot  
  83  8:03  Viking  
  86  8:09  SCV  
  87  8:14  SCV  
  87  8:16  Siege Tank  
  87  8:17  Viking  
  93  8:20  Supply Depot  
  93  8:26  Viking  
  95  8:28  SCV  
  98  8:36  Banshee  
  98  8:37  SCV  
  98  8:40  SCV  
  101  8:41  Engineering Bay  
  101  8:48  Siege Tank  
  105  8:51  SCV  
  105  8:58  SCV, Starport Tech Lab  
  106  9:03  Command Center, SCV  
  106  9:04  Viking x2  
  111  9:10  SCV  
  111  9:16  SCV  
  113  9:18  SCV, Banshee  
  113  9:19  Banshee  
  113  9:23  SCV  
  121  9:28  SCV  
  121  9:30  Siege Tank  
  122  9:35  SCV  
  123  9:41  Refinery  
  123  9:42  SCV, Refinery  
  123  9:47  SCV  
Tags
 
Add a new tag
Caveats
  • Supply blocks, unpowered buildings, or Contaminate may cause inaccurate times.
  • Supply counts are checked every 10 seconds.